 Dungeon Crawl Stone Soup version 0.31-a0-1-g4198be8af4 (webtiles) character file.

Game seed: 1335915158066654256

2912 cheesebisquit the Skirmisher (level 9, -2/76 (81) HPs)
             Began as a Minotaur Hunter on May 2, 2023.
             Was a Believer of Qazlal.
             Slain by a sixfirhy (5 damage)
             ... summoned by an orc high priest
             ... in a bailey.
             The game lasted 00:21:10 (6986 turns).

cheesebisquit the Skirmisher (Minotaur Hunter)      Turns: 6986, Time: 00:21:11

HP:   -2/76 (81)    AC:  6    Str: 16    XL:     9   Next: 49%
MP:   8/8           EV: 16    Int:  9    God:    Qazlal [**....]
Gold: 284           SH:  8    Dex: 20    Spells: 8/8 levels left

rFire   . . .        p - +5 shortbow of Pyromania {freeze, Will+}
rCold   + . .        (shield currently unavailable)
rNeg    . . .        c - +0 leather armour
rPois   +            (helmet restricted)
rElec   +            F - +0 cloak {Stlth+}
rCorr   +            y - +0 pair of gloves
SInv    .            q - +0 pair of boots
Will    ++...        s - amulet of reflection
Stlth   ++           D - ring of Petotaigh {rPois Will+ Dex+2}
HPRegen 0.32/turn    f - ring of Gocuac {Drain rElec rC+ rCorr Int+3}
MPRegen 0.11/turn

%: reflection
@: drained
A: horns 2, retaliatory headbutt
a: Renounce Religion, Upheaval


You were in a bailey.
You worshipped Qazlal.
Qazlal was pleased with you.
You visited 2 branches of the dungeon, and saw 8 of its levels.
You also visited: Bailey.

You collected 456 gold pieces.
You spent 172 gold pieces at shops.

Inventory:

Hand Weapons
 i - the +5 sling "Omelette" {drain, rN+ Str-4 Stlth+}
   (You found it on level 2 of the Dungeon)

   Str:       It affects your strength (-4).
   rN:        It protects you from negative energy.
   Stlth:     It makes you more stealthy.
 p - the +5 shortbow of Pyromania (weapon) {freeze, Will+}
   (You acquired it in a bailey)

   Will:      It increases your willpower.
 u - a +0 morningstar
 x - a +1 shortbow of freezing
Missiles
 g - 10 poisoned darts
 r - a throwing net
Armour
 c - a +0 leather armour (worn)
 q - a +0 pair of boots (worn)
 y - a +0 pair of gloves (worn)
 F - a +0 cloak of stealth (worn)
Jewellery
 f - the ring of Gocuac (right hand) {Drain rElec rC+ rCorr Int+3}
   (You acquired it on level 5 of the Dungeon)

   [ring of protection from cold]

   Int:       It affects your intelligence (+3).
   rC:        It protects you from cold.
   rElec:     It insulates you from electricity.
   rCorr:     It protects you from acid and corrosion.
   Drain:     It drains your maximum health when unequipped.
 s - an amulet of reflection (around neck)
 D - the ring of Petotaigh (left hand) {rPois Will+ Dex+2}
   (You acquired it on level 5 of the Dungeon)

   [ring of poison resistance]

   Dex:       It affects your dexterity (+2).
   rPois:     It protects you from poison.
   Will:      It increases your willpower.
 G - a ring of resist corrosion
Wands
 w - a wand of charming (4)
Scrolls
 b - 3 scrolls of immolation
 k - 2 scrolls of fear
 m - a scroll of brand weapon {unknown}
 n - 2 scrolls of vulnerability
 o - 2 scrolls of teleportation
 t - a scroll of magic mapping
 v - a scroll of enchant armour {unknown}
 E - a scroll of torment {unknown}
Potions
 a - 2 potions of resistance
 d - a potion of cancellation
 e - a potion of attraction
 h - a potion of brilliance
 j - 3 potions of degeneration
 l - a potion of flight
 z - 2 potions of curing
 B - 2 potions of haste
 C - a potion of magic


   Skills:
 + Level 8.2 Fighting
 * Level 11.2 Ranged Weapons
 + Level 7.5 Dodging
 - Level 0.7 Stealth


You had 8 spell levels left.
You didn't know any spells.
Your spell library contained the following spells:

 Spells                   Type           Power      Damage    Failure   Level
 Freeze                   Ice            0%         1d3       45%         1
 Slow                     Hex            0%         N/A       45%         1
 Sublimation of Blood     Necr           0%         N/A       58%         2
 Wereblood                Tmut           0%         N/A       58%         2
 Confusing Touch          Hex            0%         N/A       83%         3
 Frozen Ramparts          Ice            0%         1d1       83%         3
 Hailstorm                Conj/Ice       0%         3d3       83%         3
 Vampiric Draining        Necr           0%         2d6       83%         3
 Alistair's Intoxication  Tmut/Pois      0%         N/A       100%        5
 Borgnjor's Vile Clutch   Necr/Erth      0%         N/A       100%        5
 Eringya's Noxious Bog    Tmut/Pois      0%         N/A       100%        6
 Summon Hydra             Summ           0%         N/A       100%        7


Dungeon Overview and Level Annotations

Branches:
Dungeon (7/15)             Temple (1/1) D:4          Bailey (1/1)

Altars:
Ashenzari
Cheibriados
Elyvilon
Fedhas
Gozag
Hepliaklqana
Kikubaaqudgha
Makhleb
Nemelex Xobeh
Okawaru
Qazlal
Ru
Sif Muna
Trog
Uskayaw
Vehumet
Wu Jian
Xom
Yredelemnul
Zin

Shops:
D:2 =   D:3 (   D:6 [

Annotations:
D:5 Eustachio


Innate Abilities, Weirdness & Mutations

You have a pair of horns on your head.
You reflexively headbutt those who attack you in melee.


Message History

The orc sorcerer shouts!
The orc high priest shouts!
An orc warrior comes into view. It is wielding a +0 war axe.
The orc high priest prays to Beogh.
Found an iron altar of Okawaru.
You shoot an arrow. The arrow hits the orc warrior!
The arrow freezes the orc warrior.
The orc warrior is moderately wounded.
The orc sorcerer casts a spell at you.
The bolt of negative energy misses the goblin.
The bolt of negative energy hits you!!!
You feel drained.
The orc warrior attacks as you move away!
You block the orc warrior's attack.
You shoot an arrow. The arrow hits the orc warrior!
The arrow freezes the orc warrior.
The orc warrior is severely wounded.
The sixfirhy misses you. The sixfirhy completely misses you.
The orc warrior hits you with a +0 war axe!
The orc sorcerer gestures wildly while chanting.
The sixfirhy closely misses you. You furiously retaliate!
You headbutt the sixfirhy. The sixfirhy closely misses you.
You furiously retaliate!
You headbutt the sixfirhy.
You are too injured to fight recklessly!
The orc warrior attacks as you move away!
The orc warrior barely misses you.
The orc high priest mumbles some strange prayers to Beogh.
You are too injured to fight recklessly!
The orc warrior attacks as you move away!
The orc warrior hits you with a +0 war axe!
* * * LOW HITPOINT WARNING * * *
You are too injured to fight recklessly!
The orc warrior attacks as you move away!
The orc warrior hits you with a +0 war axe.
* * * LOW HITPOINT WARNING * * *
The sixfirhy hits you!
* * * LOW HITPOINT WARNING * * *
The sixfirhy shocks you. You resist.
* * * LOW HITPOINT WARNING * * *
The sixfirhy hits you.
You die...

#.....).#.....)....#≈≈≈≈≈#
#.8)8.8.).....#....#≈≈≈≈≈#
##...##############.#≈≈≈≈≈#
.....# +..#)~≈≈≈≈≈# .....#.
#..#)~≈≈≈≈≈# )#####..
#..#.~≈≈≈≈≈# ....##...
#########.~≈≈≈≈≈#
....##...4#..8.8..#.~≈≈≈≈≈#
.⌠..##.._ogo..o3@..∩~≈≈≈≈≈#
....##...3#..8.8..#.~≈≈≈≈≈#
....##... #########.~≈≈≈≈≈#
)#####.. #..#.~≈≈≈≈≈#
.....#. #?:#.~≈≈≈≈≈# .....#
+!?#.~≈≈≈≈≈#
##.).##############.#≈≈≈≈≈#
.#.8.8.8.'.....#....#≈≈≈≈≈#
.#.......#.....)..).#≈≈≈≈≈#


You could see an orc high priest, an ice devil (summoned), a sixfirhy
(summoned), a neqoxec (summoned), an orc sorcerer, an orc warrior and a goblin.

Vanquished Creatures
  An orc knight (Bailey)
  2 ice beasts
  8 orc warriors (Bailey)
  3 ogres
  A kobold brigand (D:6)
  2 bullfrogs
  3 scorpions
  5 electric eels (Bailey)
  3 hounds
  3 jellies
  5 orc priests
  2 orc wizards (D:6)
  An iguana (D:6)
  Natasha (D:2)
  7 adders
  10 gnolls
  2 shadow imps (D:6)
  A white imp (D:6)
  2 ufetubi
  A worm (D:3)
  2 dart slugs
  19 orcs
  8 endoplasms
  A giant cockroach (D:3)
  19 goblins
  12 hobgoblins
  10 jackals
  11 kobolds
  3 quokkas
  9 ball pythons
  9 bats
  7 frilled lizards
  3 rats (D:1)
176 creatures vanquished.

Notes
Turn   | Place    | Note
-------+----------+-------------------------------------------
     0 | D:1      | cheesebisquit the Minotaur Hunter began the quest for the
                  | Orb.
     0 | D:1      | Reached XP level 1. HP: 18/18 MP: 0/0
   146 | D:1      | Reached XP level 2. HP: 15/25 MP: 1/1
   367 | D:1      | Reached skill level 5 in Ranged Weapons
   369 | D:1      | Reached XP level 3. HP: 25/31 MP: 2/2
   567 | D:1      | Found a faded altar of an unknown god.
   570 | D:1      | Found a faded altar of an unknown god.
   672 | D:2      | Identified the staff of earth "Nec Eliy" {rC+ rN+}
   769 | D:2      | Identified the +5 sling "Omelette" {drain, rN+ Str-4
                  | Stlth+}
  1011 | D:2      | Found Saubol's Jewellery Shoppe.
  1071 | D:2      | Reached XP level 4. HP: 38/38 MP: 3/3
  1112 | D:2      | Noticed Natasha
  1119 | D:2      | Killed Natasha
  1717 | D:3      | Reached XP level 5. HP: 37/46 MP: 4/4
  1951 | D:3      | Found Vuzioqy's Weapon Boutique.
  2024 | D:3      | Reached skill level 6 in Ranged Weapons
  2383 | D:4      | Reached XP level 6. HP: 53/53 MP: 5/5
  2384 | D:4      | Found a staircase to the Ecumenical Temple.
  2459 | Temple   | Entered the Ecumenical Temple
  2757 | Temple   | Became a worshipper of Qazlal Stormbringer
  3123 | D:4      | Reached skill level 7 in Ranged Weapons
  3316 | D:4      | Reached * piety under Qazlal
  3538 | D:5      | Entered Level 5 of the Dungeon
  3579 | D:5      | Noticed an ice beast
  3593 | D:5      | Killed an ice beast
  3594 | D:5      | Reached skill level 5 in Fighting
  3594 | D:5      | Reached XP level 7. HP: 17/61 MP: 6/6
  4275 | D:5      | Noticed Eustachio
  4280 | D:5      | Reached skill level 5 in Dodging
  4304 | D:5      | Identified 3 scrolls of acquirement
  4304 | D:5      | Acquired the ring of Petotaigh {rPois Will+ Dex+2}
  4929 | D:5      | Acquired the ring of Gocuac {Drain rElec rC+ rCorr Int+3}
  4932 | D:5      | Acquired a +1 shortbow of freezing
  4988 | D:5      | Found a snail-covered altar of Cheibriados.
  5131 | D:6      | Reached skill level 8 in Ranged Weapons
  5263 | D:6      | Found Yfop's Armour Emporium.
  5281 | D:6      | Reached XP level 8. HP: 70/70 MP: 7/7
  5292 | D:6      | Bought a +0 cloak of stealth for 172 gold pieces
  5470 | D:6      | Reached skill level 9 in Ranged Weapons
  5757 | D:7      | Found a flagged portal.
  5817 | Bailey   | Entered a bailey
  5844 | Bailey   | Reached ** piety under Qazlal
  6131 | Bailey   | Reached skill level 10 in Ranged Weapons
  6225 | Bailey   | Reached XP level 9. HP: 49/79 MP: 8/8
  6559 | Bailey   | Noticed an orc knight
  6592 | Bailey   | Killed an orc knight
  6593 | Bailey   | Reached skill level 11 in Ranged Weapons
  6841 | Bailey   | Acquired the +5 shortbow of Pyromania {freeze, Will+}
  6979 | Bailey   | Found an iron altar of Okawaru.
  6979 | Bailey   | Noticed an orc sorcerer
  6979 | Bailey   | Noticed an orc high priest
  6980 | Bailey   | Noticed a sixfirhy
  6983 | Bailey   | Noticed an ice devil
  6986 | Bailey   | HP: 3/76 [sixfirhy[an orc high priest] (4)]
  6986 | Bailey   | Slain by a sixfirhy

Illustrated notes

Levels and vault maps discovered:
D:1:      eino_arrival_water_star, layout_rooms,
          hellmonk_ecumenical_altar_the_god_not_taken, minmay_misc_feat_iff
D:2:      layout_loops_ring, serial_shops, shop, minmay_pentomino_r2,
          uniq_natasha
D:3:      layout_basic, serial_shops, shop,
          wander_ebering_terrifying_dragon_lair
D:4:      layout_basic, minmay_temple_entry_slanted, minmay_goblin_kobold_house
D:5:      layout_loops_ring, kennysheep_slug_shrine, uniq_eustachio
D:6:      layout_rooms, serial_shops, shop, minmay_pentangle
D:7:      layout_gridville, grunt_dithmenos_smoke_and_mirrors, enter_bailey_5,
          uniq_duvessa
Temple:   compressed_dpeg_triangle_lava_temple
Bailey:   bailey_axe_of_yendor_kennysheep, bailey

Skill      XL: |  1  2  3  4  5  6  7  8  9 |
---------------+----------------------------+-----
Ranged Weapons | 5 6 7 8 10 11 | 11.2
Fighting       | 3 4 5 6 7 8 |  8.2
Dodging        | 3 4 5 6 7 |  7.5
Stealth        | |  0.7

Action                     |  1- 3 |  4- 6 |  7- 9 || total
---------------------------+-------+-------+-------++-------
   Fire: Shortbow          |    99 |   176 |   329 ||   604
         Sling             |       |       |     1 ||     1
    Use: Scroll            |       |       |    20 ||    20
         Potion            |       |       |     2 ||     2
 Armour: Leather armour    |    10 |    13 |    45 ||    68
  Dodge: Dodged            |    27 |    69 |   148 ||   244
  Block: Other             |       |       |    35 ||    35
         Reflection        |       |       |     2 ||     2

Table legend: (Time is in decaauts)
 A = Elapsed time spent in this place.
 B = Non-inter-level travel time spent in this place.
 C = Inter-level travel time spent in this place.
 D = Time resting spent in this place.
 E = Time spent auto-exploring this place.
 F = Levels seen in this place.
 G = Mean time per level.
                   A        B        C        D        E       F      G
               +--------+--------+--------+--------+--------+-----+--------+
         Total |   7059 |   6696 |    363 |    274 |   5236 |   9 |  784.3 |
       Dungeon |   5536 |   5206 |    330 |     41 |   4182 |   7 |  790.9 |
        Temple |    367 |    334 |     33 |      0 |    321 |   1 |  367.0 |
        Bailey |   1155 |   1155 |      0 |    233 |    733 |   1 | 1155.0 |
               +--------+--------+--------+--------+--------+-----+--------+

Top non-repeatable levels by time:
     D:4: 1299 daAuts
     D:5: 1180 daAuts
  Bailey: 1155 daAuts
     D:3: 888 daAuts
     D:2: 777 daAuts
     D:6: 685 daAuts
     D:1: 643 daAuts
  Temple: 367 daAuts
     D:7: 60 daAuts
